 Dungeon Crawl Stone Soup version 0.31-a0-971-g75a2e9a4b4 (webtiles) character file.

Game seed: 10138729393346121505

19797 jasper the Zephyrmancer (level 12, -10/95 HPs)
             Began as a Demonspawn Air Elementalist on Oct 29, 2023.
             Was a Follower of Vehumet.
             Mangled by an orc warrior
             ... wielding a +0 flail
             ... led by an orc knight
              (15 damage)
             ... on level 2 of the Orcish Mines.
             The game lasted 00:18:45 (9537 turns).

jasper the Zephyrmancer (DsAE)                      Turns: 9537, Time: 00:18:45

Health: -10/95     AC: 21    Str:  8    XL:     12   Next: 39%
Magic:  14/18      EV: 14    Int: 31    God:    Vehumet [*.....]
Gold:   353        SH:  4    Dex: 10    Spells: 4/19 levels left

rFire   x . .        c - +27 heavy crossbow "Sniper" {heavy, Acc+∞ SInv}
rCold   . . .        (shield currently unavailable)
rNeg    . . .        a - +0 robe
rPois   .            (helmet unavailable)
rElec   .            j - +0 cloak
rCorr   .            B - +0 pair of gloves
SInv    +            (no boots)
Will    .....        t - amulet of regeneration
Stlth   ++           w - ring of Bumigg {Fly AC+4 Int+6 Dex-5}
HPRegen 1.15/turn    b - +6 ring of intelligence
MPRegen 0.16/turn

%: no passive effects
@: sanguine armoured, flying
A: horns 3, icemail 1, powered by death 1, sanguine armour 2, condensation
shield, dopey 1, heat vulnerability 1
a: Renounce Religion


You were on level 2 of the Orcish Mines.
You worshipped Vehumet.
Vehumet was aware of your devotion.
You visited 3 branches of the dungeon, and saw 14 of its levels.

You collected 825 gold pieces.
You spent 472 gold pieces at shops.

Inventory:

Hand Weapons
 c - the +27 heavy crossbow "Sniper" (weapon) {heavy, Acc+∞ SInv}
   (You acquired it on level 3 of the Dungeon)

   Acc+∞: It never misses its target.
   SInv:      It lets you see invisible.
 g - a +0 club
 k - a +1 heavy short sword
 p - a +2 hand axe of freezing
 x - a +2 dagger of venom
Missiles
 n - 7 javelins
 q - 11 curare-tipped darts
 O - a throwing net
Armour
 a - a +0 robe (worn)
 j - a +0 cloak (worn)
 r - a +1 ring mail of willpower
 B - a +0 pair of gloves (worn)
Jewellery
 b - a +6 ring of intelligence (right hand)
 i - an amulet of reflection
 m - a ring of fire
 t - an amulet of regeneration (around neck)
 w - the ring of Bumigg (left hand) {Fly AC+4 Int+6 Dex-5}
   (You bought it in a shop on level 4 of the Dungeon)

   [ring of protection]

   AC+4:      It affects your AC (+4).
   Int+6:     It affects your intelligence (+6).
   Dex-5:     It affects your dexterity (-5).
   Fly:       It grants you flight.
 y - an amulet of the acrobat
 E - a ring of see invisible
 M - a +5 ring of evasion
 P - a +4 ring of protection
 Q - a +6 ring of dexterity
Wands
 G - a wand of mindburst (33)
 H - a wand of flame (21)
 J - a wand of acid (4)
 N - a wand of paralysis (5)
 R - a wand of polymorph (7)
Scrolls
 o - 3 scrolls of noise
 v - 6 scrolls of amnesia
 D - a scroll of teleportation
 F - a scroll of fog
 L - 2 scrolls of enchant weapon
Potions
 d - 4 potions of attraction
 e - 4 potions of might
 f - 5 potions of curing
 h - 2 potions of cancellation
 l - 2 potions of enlightenment
 s - a potion of invisibility
 u - 3 potions of ambrosia
 z - 2 potions of haste
 C - 2 potions of berserk rage


   Skills:
 + Level 9.0 Fighting
 + Level 8.6 Dodging
 - Level 1.7 Stealth
 + Level 4.4 Spellcasting
 - Level 7.0 Conjurations
 * Level 13.3 Air Magic


You had 4 spell levels left.
You knew the following spells:

 Your Spells              Type           Power      Damage    Failure   Level
a - Shock                 Conj/Air       100%       1d9       1%          1
b - Static Discharge      Conj/Air       100%       3-8/arc   1%          2
c - Swiftness             Air            74%        N/A       1%          3
d - Airstrike             Air            37%        2d(6-22)  1%          4
e - Blink                 Tloc           12%        N/A       9%          2
f - Mephitic Cloud        Conj/Pois/Air  49%        N/A       1%          3

Your spell library contained the following spells:

 Spells                   Type           Power      Damage    Failure   Level
 Sandblast                Erth           12%        2d6       6%          1
 Magic Dart               Conj           100%       1d8       1%          1
 Searing Ray              Conj           100%       2d8       1%          2
 Apportation              Tloc           12%        N/A       6%          1
 Call Imp                 Summ           12%        N/A       9%          2
 Jinxbite                 Hex            12%        N/A       9%          2
 Fulminant Prism          Conj/Hex       14%        3d9       14%         4
 Tukima's Dance           Hex            6%         N/A       17%         3
 Manifold Assault         Tloc           6%         N/A       50%         4
 Passage of Golubria      Tloc           6%         N/A       50%         4
 Alistair's Intoxication  Tmut/Pois      4%         N/A       85%         5
 Yara's Violent Unravell  Hex/Tmut       3%         3d4       85%         5


Dungeon Overview and Level Annotations

Branches:
Dungeon (11/15)            Temple (1/1) D:6            Lair (0/5) D:11
    Orc (2/2) D:10            Elf (0/3) Orc:2

Altars:
Ashenzari
Cheibriados
Dithmenos
Fedhas
Gozag
Hepliaklqana
Kikubaaqudgha
Makhleb
Nemelex Xobeh
Okawaru
Qazlal
Ru
Sif Muna
Trog
Uskayaw
Vehumet
Wu Jian
Xom
Yredelemnul

Shops:
D:4 =   Orc:1 (

Portals:
Volcano: Orc:1

Annotations:
D:11 1 runed translucent door


Innate Abilities, Weirdness & Mutations

You have a pair of large horns on your head.
A meltable icy envelope protects you from harm. (AC +4)
You regenerate a little health from kills.
When seriously injured, your blood forms thick armour. (AC +9)
A meltable shield of frost defends you. (SH +4)
You are dopey. (Int -2)
You are vulnerable to heat. (rF-)


Message History

Aim: an orc knight, wielding a +0 great sword and wearing a +0 chain mail (100% to hit)
You shoot a bolt. The bolt hits the orc knight!
The orc knight is lightly wounded.
A warg comes into view.
The orc warrior hits you with a +0 flail!
The orc knight barely misses you. You block the orc knight's attack.
The orc warrior hits you with a +0 flail!
The orc knight hits you with a +0 great sword!
Your blood congeals into armour.
The orc warrior hits you with a +0 flail!!
The orc warrior completely misses you.
The orc knight hits you with a +0 great sword!
* * * LOW HITPOINT WARNING * * *
You take 72 damage, and have 23/95 hp.
MASSIVE DAMAGE!!
Casting: Static Discharge (safe; 1% risk of failure)
Confirm with . or Enter, or press ? or * to list all spells.
The orc knight is struck by an arc of lightning.
The orc knight is moderately wounded.
The ogre is struck by an arc of lightning!
The ogre is moderately wounded.
The orc knight is struck by an arc of lightning.
The orc knight is moderately wounded.
The lightning grounds out.
The orc warrior hits you with a +0 flail!
* * * LOW HITPOINT WARNING * * *
The orc knight hits you with a +0 great sword!
* * * LOW HITPOINT WARNING * * *
You take 19 damage, and have 4/95 hp.
You now have 16/18 mp.
Okay, then.
Casting: Static Discharge (safe; 1% risk of failure)
Confirm with . or Enter, or press ? or * to list all spells.
The orc knight is struck by an arc of lightning.
The orc knight is moderately wounded.
The ogre is struck by an arc of lightning!
The ogre is severely wounded.
The orc warrior is struck by an arc of lightning!
The orc warrior is moderately wounded.
You are struck by an arc of lightning.
The orc warrior hits you with a +0 flail!
You die...

.. ....### ####.##
...#.#. ##.....
....... ### .....#
....... ##.##
###..#.## . .......
##...###.......# ..#
..^....
##.#...#........#.$.#
#......
#.......#.#........#
.......
#............@.##...
#......
##..##..#.##.oo.....#
.##....
#....#...##...Oh.....
##...
##.......###.#.$.....
###.
#........)#..........
#..
##..#..............#.
#..
###......)..........#
... ##.............
....#. ...
##........... ...


You could see an orc knight, a warg, an orc warrior (strong) and an ogre.

Vanquished Creatures
  A hydra (D:11)
  An ogre mage (Orc:2)
  5 two-headed ogres
  Sonja (D:11)
  An orc knight (Orc:2)
  2 ugly things (D:11)
  3 cyclopes (D:11)
  Maurice (D:8)
  A gargoyle (D:11)
  Maggie (D:10)
  6 kobold demonologists
  A tengu conjurer (D:11)
  A red devil (D:10)
  A hellwing (D:10)
  2 trolls
  A hornet (D:7)
  A centaur simulacrum (D:11)
  6 yaks
  2 shadows (D:10)
  A wraith (D:9)
  A vampire (D:11)
  2 wyverns
  A steam dragon (D:10)
  3 vampire mosquitoes (D:10)
  4 wargs
  An acid dragon (D:8)
  2 hell hounds (Orc:1)
  2 water moccasins
  2 sky beasts (D:7)
  2 ice beasts
  3 black bears
  7 orc warriors
  7 ogres
  9 centaurs
  6 kobold brigands
  4 bullfrogs
  A scorpion (D:6)
  4 wights (D:7)
  11 killer bees
  A howler monkey (D:11)
  19 orc priests
  A hound (D:5)
  A gnoll bouda (D:7)
  2 iron imps (D:10)
  3 jellies
  A sleepcap (D:4)
  Terence (D:3)
  14 orc wizards
  Natasha (twice) (D:3)
  An iguana (D:6)
  3 gnolls (D:7)
  3 adders
  A shadow imp (D:5)
  2 white imps
  An ufetubus (D:11)
  A worm (D:2)
  6 dart slugs
  66 orcs
  7 endoplasms
  7 giant cockroaches
  4 goblins
  9 hobgoblins
  8 jackals (D:4)
  9 quokkas
  3 training dummies (Orc:1)
  7 bats (D:1)
  14 kobolds
  4 rats
312 creatures vanquished.

Vanquished Creatures (collateral kills)
  A neqoxec (D:10)
1 creature vanquished.

Grand Total: 313 creatures vanquished

Notes
Turn   | Place    | Note
-------+----------+-------------------------------------------
     0 | D:1      | jasper the Demonspawn Air Elementalist began the quest for
                  | the Orb.
     0 | D:1      | Reached XP level 1. HP: 13/13 MP: 3/3
   273 | D:1      | Gained mutation: When seriously injured, your blood forms
                  | armour. (AC +9) [demonic ancestry]
   273 | D:1      | Reached XP level 2. HP: 19/19 MP: 1/5
   276 | D:1      | Learned a level 2 spell: Static Discharge
   789 | D:1      | Reached XP level 3. HP: 22/24 MP: 0/6
   793 | D:1      | Learned a level 3 spell: Swiftness
  2188 | D:3      | Reached skill level 3 in Air Magic
  2250 | D:3      | Noticed a black bear
  2256 | D:3      | Killed a black bear
  2257 | D:3      | Gained mutation: You have a pair of small horns on your
                  | head. [demonic ancestry]
  2257 | D:3      | Reached XP level 4. HP: 30/30 MP: 1/7
  2257 | D:3      | Gained mutation: A meltable shield of frost defends you.
                  | (SH +4) [demonic ancestry]
  2257 | D:3      | Reached XP level 5. HP: 35/35 MP: 1/8
  2393 | D:3      | Found a faded altar of an unknown god.
  2498 | D:3      | Noticed Natasha
  2504 | D:3      | Killed Natasha
  2600 | D:3      | Noticed Terence
  2615 | D:3      | Killed Terence
  2616 | D:3      | Reached skill level 4 in Air Magic
  2630 | D:3      | Found a sacrificial altar of Ru.
  2661 | D:3      | Noticed Natasha
  2667 | D:3      | Killed Natasha
  2891 | D:3      | Identified a scroll of acquirement
  2891 | D:3      | Acquired the +27 heavy crossbow "Sniper" {heavy, Acc+∞
                  | SInv}
  2891 | D:3      | Found the +27 heavy crossbow "Sniper" {heavy, Acc+∞ SInv}
  2912 | D:4      | Reached XP level 6. HP: 41/41 MP: 9/9
  2986 | D:4      | Found Myke's Jewellery Emporium.
  3159 | D:4      | Reached skill level 5 in Conjurations
  3505 | D:5      | Entered Level 5 of the Dungeon
  3710 | D:5      | Reached skill level 5 in Air Magic
  3710 | D:5      | Gained mutation: You have a pair of horns on your head.
                  | [demonic ancestry]
  3710 | D:5      | Reached XP level 7. HP: 46/46 MP: 10/10
  4112 | D:6      | Reached skill level 6 in Air Magic
  4172 | D:6      | Found a staircase to the Ecumenical Temple.
  4181 | Temple   | Entered the Ecumenical Temple
  4191 | D:6      | Gained mutation: A meltable icy envelope protects you from
                  | harm. (AC +4) [demonic ancestry]
  4191 | D:6      | Reached XP level 8. HP: 52/52 MP: 11/11
  4196 | D:6      | Learned a level 4 spell: Airstrike
  4556 | D:6      | Reached skill level 1 in Fighting
  4619 | D:7      | Noticed a kobold demonologist
  4620 | D:7      | Killed a kobold demonologist
  4621 | D:7      | Reached skill level 7 in Air Magic
  4754 | D:7      | Noticed a hornet
  4863 | D:7      | Reached skill level 8 in Air Magic
  4863 | D:7      | Reached XP level 9. HP: 64/64 MP: 12/12
  5243 | D:7      | Found Ynosh's Book Boutique.
  5328 | D:8      | Noticed Maurice
  5329 | D:8      | Killed Maurice
  5330 | D:8      | Reached skill level 9 in Air Magic
  5493 | D:8      | Reached skill level 5 in Dodging
  5497 | D:8      | Reached skill level 5 in Fighting
  5779 | D:8      | You fall into a shaft and drop 3 floors!
  5788 | D:10     | Entered Level 10 of the Dungeon
  5789 | D:10     | Noticed Maggie
  5790 | D:10     | Gained mutation: You have a pair of large horns on your
                  | head. [demonic ancestry]
  5790 | D:10     | Reached XP level 10. HP: 74/74 MP: 13/13
  5791 | D:10     | Killed Maggie
  5796 | D:10     | Gained mutation: You are dopey. (Int -2) [a neqoxec]
  6041 | D:11     | Reached skill level 10 in Air Magic
  6129 | D:11     | Noticed a cyclops
  6131 | D:11     | Noticed a four-headed hydra
  6132 | D:11     | Killed a cyclops
  6134 | D:11     | Killed a four-headed hydra
  6134 | D:11     | Noticed a red ugly thing
  6193 | D:11     | Noticed a purple ugly thing
  6196 | D:11     | Killed a purple ugly thing
  6198 | D:11     | Killed a red ugly thing
  6249 | D:11     | Found a runed translucent door.
  6250 | D:11     | Noticed an orc knight
  6250 | D:11     | Noticed a boulder beetle
  6252 | D:11     | Noticed a cyclops
  6253 | D:11     | Noticed a boulder beetle
  6254 | D:11     | Killed a cyclops
  6254 | D:11     | Noticed a cyclops
  6255 | D:11     | Reached skill level 11 in Air Magic
  6369 | D:10     | Gained mutation: You regenerate a little health from kills.
                  | [demonic ancestry]
  6369 | D:10     | Reached XP level 11. HP: 84/84 MP: 14/14
  6374 | D:10     | Noticed a sixfirhy
  6379 | D:10     | Noticed a soul eater
  6379 | D:10     | Gained mutation: You are vulnerable to heat. (rF-) [a
                  | neqoxec]
  6440 | D:11     | Noticed Sonja
  6441 | D:11     | Killed Sonja
  6600 | D:10     | Reached skill level 12 in Air Magic
  6633 | D:10     | Noticed a two-headed ogre
  6926 | D:9      | Learned a level 2 spell: Blink
  7458 | D:10     | Killed a two-headed ogre
  7502 | D:10     | Found a staircase to the Orcish Mines.
  7767 | D:10     | Noticed a two-headed ogre
  7769 | D:10     | Killed a two-headed ogre
  7832 | D:10     | Identified the +2 hand axe "Qotookhyaf" {flame, rPois MP-9
                  | Dex+3}
  7927 | D:10     | Found a radiant altar of Vehumet.
  7932 | D:10     | Learned a level 3 spell: Mephitic Cloud
  7939 | D:10     | Became a worshipper of Vehumet
  8314 | D:11     | Noticed a two-headed ogre
  8423 | D:11     | Killed a two-headed ogre
  8424 | D:11     | Gained mutation: When seriously injured, your blood forms
                  | thick armour. (AC +9) [demonic ancestry]
  8424 | D:11     | Reached XP level 12. HP: 29/94 MP: 10/17
  8474 | D:11     | Found a staircase to the Lair.
  8632 | D:4      | Bought the ring of Bumigg {Fly AC+4 Int+6 Dex-5} for 472
                  | gold pieces
  8732 | Orc:1    | Entered Level 1 of the Orcish Mines
  8841 | Orc:1    | Found Jothroevea's Firing Range.
  8903 | Orc:1    | Reached * piety under Vehumet
  8903 | Orc:1    | Offered knowledge of Freeze by Vehumet.
  8981 | Orc:1    | Found a dark tunnel.
  9160 | Gauntlet | Identified the "Toegranu"
  9160 | Gauntlet | Identified the "Naing"
  9160 | Orc:2    | Entered Level 2 of the Orcish Mines
  9303 | Orc:2    | Reached skill level 13 in Air Magic
  9388 | Orc:2    | Noticed an ogre mage
  9388 | Orc:2    | Noticed an ogre mage
  9389 | Orc:2    | Noticed a two-headed ogre
  9390 | Orc:2    | Noticed a two-headed ogre
  9390 | Orc:2    | Noticed a two-headed ogre
  9391 | Orc:2    | Noticed a two-headed ogre
  9391 | Orc:2    | Paralysed by an ogre mage for 4 turns
  9392 | Orc:2    | Noticed a two-headed ogre
  9393 | Orc:2    | Killed an ogre mage
  9394 | Orc:2    | Noticed an ogre mage
  9394 | Orc:2    | Killed a two-headed ogre
  9394 | Orc:2    | Noticed an ogre mage
  9403 | Orc:2    | Found a staircase to the Elven Halls.
  9533 | Orc:2    | Killed a two-headed ogre
  9534 | Orc:2    | Offered knowledge of Sandblast by Vehumet.
  9536 | Orc:2    | HP: 4/95 [orc knight/+0 great sword (12)]
  9537 | Orc:2    | Mangled by an orc warrior

Illustrated notes

Levels and vault maps discovered:
D:1:      evilmike_arrival_home_sweet_home, layout_basic,
          minmay_worlds_worst_comb
D:2:      layout_loops_corners, hangedman_decor_riveting,
          chequers_serial_rivers_small_3
D:3:      layout_basic, nicolae_ru_the_path_less_chosen,
          chequers_ecumenical_altar_simple_redux, uniq_natasha, uniq_terence
D:4:      layout_loops_cross, minmay_shop_enchanted_jewellery
D:5:      layout_basic, mainiacjoe_overflow_alcove_2
D:6:      layout_rooms, minmay_temple_entry_overgrown, lightli_orcish_oven
D:7:      layout_cave_pools, tso_metal_star, serial_shops, shop,
          minmay_microvault
D:8:      layout_loops_cross, uniq_maurice
D:9:      layout_long_grid
D:10:     minmay_four_partial_circles, layout_cross,
          mainiacjoe_overflow_alcove_1, nicolae_demonic_statue_gallery,
          uniq_maggie
D:11:     minmay_the_grid_triangle_9x9_line_8_mashed
          [minmay_the_grid_triangle_9x9_sparse_checkered,
          minmay_the_grid_triangle_9x9_descending_squares,
          minmay_the_grid_triangle_9x9_windchime,
          minmay_the_grid_triangle_9x9_warning,
          minmay_the_grid_triangle_9x9_zippers_horizontal,
          minmay_the_grid_triangle_9x9_shrine,
          minmay_the_grid_triangle_9x9_tough_junction,
          minmay_the_grid_triangle_9x9_prize_top_heavy], layout_loops_cross,
          erik_lair_orcish_takeover, uniq_sonja
Temple:   regret_index_temple_chain_breaker
Orc:1:    layout_diamond_mine, enter_volcano_3, basic_altar,
          nicolae_orc_pool_cavern, nicolae_shop_firing_range
Orc:2:    st_orc_ogre_mass, layout_caves, gammafunk_ghost_stat_death,
          gauntlet_entry_generic, guppyfry_library_mini

Skill      XL: |  1  2  3  4  5  6  7  8  9 10 11 12 |
---------------+-------------------------------------+-----
Conjurations   | 2 3 4 5 7 |  7.0
Air Magic      | 3 4 5 6 8 9 11 12 13 | 13.3
Fighting       | 3 5 7 8 9 |  9.0
Dodging        | 3 5 6 8 |  8.6
Spellcasting   | 3 4 |  4.4
Stealth        | |  1.7

Action                     |  1- 3 |  4- 6 |  7- 9 | 10-12 || total
---------------------------+-------+-------+-------+-------++-------
  Melee: Club              |    17 |       |       |       ||    17
         Short sword       |     9 |       |       |       ||     9
         Hand axe          |       |    12 |       |       ||    12
         Heavy crossbow    |       |       |       |     2 ||     2
   Fire: Heavy crossbow    |       |    29 |    74 |   126 ||   229
  Throw: Dart              |     1 |     4 |       |       ||     5
   Cast: Shock             |    88 |    42 |    11 |    24 ||   165
         Static Discharge  |       |       |     6 |    71 ||    77
    Use: Scroll            |     3 |     8 |     4 |    11 ||    26
         Potion            |       |       |       |    11 ||    11
 Armour: Robe              |    27 |     9 |    16 |   244 ||   296
  Dodge: Dodged            |    32 |    15 |    19 |   211 ||   277
  Block: Other             |     8 |     3 |    10 |    52 ||    73

Table legend: (Time is in decaauts)
 A = Elapsed time spent in this place.
 B = Non-inter-level travel time spent in this place.
 C = Inter-level travel time spent in this place.
 D = Time resting spent in this place.
 E = Time spent auto-exploring this place.
 F = Levels seen in this place.
 G = Mean time per level.
                   A        B        C        D        E       F      G
               +--------+--------+--------+--------+--------+-----+--------+
         Total |  10163 |   9673 |    490 |   1079 |   6670 |  14 |  725.9 |
       Dungeon |   9269 |   8794 |    475 |    892 |   6221 |  11 |  842.6 |
        Temple |      1 |      1 |      0 |      0 |      0 |   1 |    1.0 |
  Orcish Mines |    892 |    877 |     15 |    186 |    449 |   2 |  446.0 |
               +--------+--------+--------+--------+--------+-----+--------+

Top non-repeatable levels by time:
    D:10: 1224 daAuts
     D:1: 1180 daAuts
     D:2: 1009 daAuts
    D:11: 934 daAuts
     D:7: 786 daAuts
     D:8: 736 daAuts
     D:3: 725 daAuts
     D:9: 724 daAuts
     D:6: 714 daAuts
     D:4: 712 daAuts
   Orc:1: 597 daAuts
     D:5: 520 daAuts
   Orc:2: 294 daAuts
  Temple: 1 daAuts
